 Dungeon Crawl Stone Soup version 0.32-a0-22-g6ae6769602 (webtiles) character file.

Game seed: 15566177398730447534

142 Pflapjack the Slasher (level 5, -7/45 HPs)
             Began as an Armataur Berserker on Jan 18, 2024.
             Was a Believer of Trog.
             Mangled by an ogre
             ... wielding a +0 giant spiked club
              (31 damage)
             ... on level 4 of the Dungeon.
             The game lasted 00:10:48 (1500 turns).

Pflapjack the Slasher (Armataur Berserker)          Turns: 1500, Time: 00:10:48

Health: -7/45      AC:  4    Str: 22    XL:     5   Next: 3%
Magic:  5/5        EV: 10    Int:  7    God:    Trog [**....]
Gold:   148        SH:  0    Dex: 12    Spells: 4/4 levels left

rFire   . . .        a - +0 falchion
rCold   . . .        (no shield)
rNeg    . . .        b - +0 animal skin
rPois   .            (no helmet)
rElec   .            (no cloak)
rCorr   .            (no gloves)
SInv    .            (no barding)
Will    .....        (no amulet)
Stlth   +            (no ring)
HPRegen 0.27/turn    (no ring)
MPRegen 0.42/turn

%: roll
@: no status effects
A: large, deformed body, tough skin 3, armoured tail, roll 1
a: Renounce Religion, Berserk, Trog's Hand


You were on level 4 of the Dungeon.
You worshipped Trog.
Trog was pleased with you.
You visited 1 branch of the dungeon, and saw 4 of its levels.

You collected 148 gold pieces.

Inventory:

Hand Weapons
 a - a +0 falchion (weapon)
 e - a +0 club
 g - a +0 sling
 j - a +0 dagger
 m - a +0 dagger
 n - a +0 whip
 q - a +0 whip
 r - a +0 short sword
 s - a +0 club
 u - a +0 club
 y - a +0 sling
 A - a +0 whip
 B - a +0 dagger
 C - a +0 club
 D - a +0 spear
 G - a +0 war axe
Missiles
 c - 78 stones (quivered)
 v - 5 javelins
 w - 5 darts of dispersal
Armour
 b - a +0 animal skin (worn)
 k - a +0 robe
 l - a +0 ring mail
 F - a +0 ring mail
Scrolls
 d - a scroll of fear {unknown}
 i - a scroll of teleportation {unknown}
 o - 2 scrolls of vulnerability {unknown}
 z - a scroll of revelation {unknown}
 E - a scroll of enchant weapon {unknown}
 H - 2 scrolls of poison {unknown}
Potions
 f - a potion of resistance {unknown}
 h - 3 potions of curing {unknown}
 p - 3 potions of mutation {unknown}
 t - a potion of might {unknown}
 x - a potion of brilliance {unknown}
 I - a potion of heal wounds {unknown}


   Skills:
 + Level 3.3 Fighting
 + Level 4.1 Long Blades
 + Level 2.8 Armour
 + Level 2.2 Dodging
 + Level 0.4 Stealth


You had 4 spell levels left.
You didn't know any spells.
Your spell library was empty.

Dungeon Overview and Level Annotations

Branches:
Dungeon (4/15)
 Temple: D:4-7

Altars:


Innate Abilities, Weirdness & Mutations

Armour fits poorly on your strangely shaped body.
You have extremely tough skin. (AC +3)
You have a long armoured tail.
You regenerate magic when rolling toward enemies. (Rampage MPRegen)


Message History

An adder comes into view.
You roll towards the adder!
The helpless adder fails to defend itself.
You slash the adder!
The adder is severely wounded.
The adder barely misses you. The adder misses you.
You miss the adder.
The adder is severely wounded.
The adder barely misses you.
You miss the adder. Your punch misses the adder.
The adder is severely wounded.
The adder bites you. The adder barely misses you.
You closely miss the adder.
The adder is severely wounded.
The adder closely misses you.
You closely miss the adder.
The adder is severely wounded.
The adder completely misses you.
You miss the adder. You tail-slap the adder.
You kill the adder!
Trog accepts your kill.
You have reached level 5!
You see here an adder corpse.
An ogre comes into view. It is wielding a +0 giant spiked club.
You roll towards the ogre!
The ogre shouts!
The ogre barely misses you.
You hit the ogre.
The ogre is lightly wounded.
The ogre hits you with a +0 giant spiked club!
You hit the ogre.
The ogre is moderately wounded.
You slash the ogre!
The ogre is heavily wounded.
The ogre hits you with a +0 giant spiked club!
You barely miss the ogre.
The ogre is heavily wounded.
The ogre hits you with a +0 giant spiked club!!
Ouch! That really hurt!
You die...

###############
#..........†..#
#.###########.#
#@# #.# #O# #.#
#.# #.# #.#
#######.# ..J
#.......# ...
.J#####.# ... #
#<# ##.## #.
#.####
##..#####.....


You could see an ogre and an endoplasm.

Vanquished Creatures
  A jelly (D:4)
  A bombardier beetle (D:4)
  4 adders
  2 dart slugs
  2 bats
  4 endoplasms
  3 giant cockroaches
  6 goblins
  2 hobgoblins (D:2)
  3 quokkas
  4 ball pythons
  A frilled lizard (D:1)
  6 kobolds
  A rat (D:1)
40 creatures vanquished.

Notes
Turn   | Place    | Note
-------+----------+-------------------------------------------
     0 | D:1      | Pflapjack the Armataur Berserker began the quest for the
                  | Orb.
     0 | D:1      | Reached XP level 1. HP: 18/18 MP: 1/1
   127 | D:1      | Found a faded altar of an unknown god.
   192 | D:1      | Reached XP level 2. HP: 14/25 MP: 2/2
   284 | D:1      | Reached skill level 3 in Long Blades
   635 | D:2      | Reached XP level 3. HP: 24/31 MP: 3/3
   651 | D:2      | Reached ** piety under Trog
  1332 | D:4      | Reached XP level 4. HP: 24/38 MP: 4/4
  1436 | D:4      | Reached skill level 4 in Long Blades
  1485 | D:4      | Reached XP level 5. HP: 45/45 MP: 5/5
  1494 | D:4      | Noticed an ogre
  1500 | D:4      | Mangled by an ogre

Illustrated notes

Levels and vault maps discovered:
D:1:      dpeg_arrival_short_road, layout_basic, ebering_ecumenical_altar_box
D:2:      layout_basic, roderic_three_in_a_row
D:3:      layout_basic, xom_redecorated, trog_hazing_becter, minivault_23,
          uniq_terence
D:4:      layout_loops_ring, minmay_temple_entry_antechambers,
          gup_sewer_entry_glass

Skill      XL: |  1  2  3  4 |
---------------+-------------+-----
Fighting       | 3 |  3.3
Long Blades    | 3 4 |  4.1
Dodging        | 2 |  2.2
Armour         | |  2.8
Stealth        | |  0.4

Action                     |  1- 3 |  4- 6 || total
---------------------------+-------+-------++-------
  Melee: Falchion          |   106 |    29 ||   135
         Tailslap          |    13 |     4 ||    17
         Punch             |       |     3 ||     3
   Stab: Sleeping          |       |     1 ||     1
 Armour: Animal skin       |   113 |    14 ||   127
  Dodge: Dodged            |    91 |    16 ||   107

Table legend: (Time is in decaauts)
 A = Elapsed time spent in this place.
 B = Non-inter-level travel time spent in this place.
 C = Inter-level travel time spent in this place.
 D = Time resting spent in this place.
 E = Time spent auto-exploring this place.
 F = Levels seen in this place.
 G = Mean time per level.
                   A        B        C        D        E       F      G
               +--------+--------+--------+--------+--------+-----+--------+
         Total |   1519 |   1482 |     37 |      0 |      0 |   4 |  379.8 |
       Dungeon |   1519 |   1482 |     37 |      0 |      0 |   4 |  379.8 |
               +--------+--------+--------+--------+--------+-----+--------+

Top non-repeatable levels by time:
     D:1: 603 daAuts
     D:2: 602 daAuts
     D:4: 244 daAuts
     D:3: 69 daAuts
